AoeStats
← Hsgdup!!!!

Arabia

506799342Analyzed
1v1 RM · 18d ago on Sep 15, 2026· 33m 12s· 2 players
Game mode
Random Map
Map size
Tiny (2 player)
Population
200
Speed
Normal
Resources
Standard
Victory
Conquest
Starting age
Dark Age
Ending age
Imperial Age
RankedLock teamsTeams togetherTeam positionsShared explorationLock speedFull tech treeHidden civsTurbo modeCheats
Victory
Defeat
🇦🇷 Sicilians · Argentina
918
+18
🇵🇪 Maya · Peru
962
-18
Guli
0:27 Loom
10:17 Feudal Age
10:45 Horse Collar
10:53 Double-Bit Axe
12:59 Wheelbarrow
16:06 Fletching
17:06 Padded Archer Armor
22:02 Castle Age
22:00 Stone Mining
26:26 Hand Cart
25:59 Town Watch
27:35 Bodkin Arrow
27:51 Thumb Ring
28:03 Leather Archer Armor
Hsgdup!!!!
5:42 Loom
8:52 Feudal Age
21:52 Double-Bit Axe
23:52 Gold Mining
23:48 Horse Collar
26:23 Scale Mail Armor
26:37 Forging
32:05 Castle Age
32:06 Bloodlines
31:55 Fletching
Connection lost

Rejoining the realm…

Still unreachable

The connection could not be restored.

Session expired

The server has moved on; the page needs a fresh start.